 Dungeon Crawl Stone Soup version 0.17.0-24-gcfadda4 (console) character file.

130 gw the Cudgeler (level 4, -3/40 HPs)
             Began as a Minotaur Fighter on Nov 17, 2015.
             Slain by gw's ghost (10 damage)
             ... on level 3 of the Dungeon.
             The game lasted 00:02:16 (2248 turns).

gw the Cudgeler (Minotaur Fighter)                  Turns: 2248, Time: 00:02:16

Health: -3/40      AC:  9    Str: 23      XL:     4   Next: 89%
Magic:  3/3        EV:  5    Int:  5      God:
Gold:   113        SH:  9    Dex:  9 (10) Spells: 0 memorised, 3 levels left

rFire  . . .     SeeInvis .     a - +1 flail
rCold  . . .     Clarity  .     f - +0 chain mail
rNeg   . . .     SustAt   .     c - +0 shield
rPois  .         Gourm    .     (helmet restricted)
rElec  .         Spirit   .     (no cloak)
rCorr  .         Warding  .     (no gloves)
rMut   .         Stasis   .     (no boots)
MR     .....                    (no amulet)
Stlth  ..........               (no ring)
                                (no ring)

@: not resistant to hostile enchantments, extremely unstealthy
A: retaliatory headbutt, horns 2, blink, deterioration 1, strong 1
a: Blink


You were on level 3 of the Dungeon.
You were not hungry.

You visited 1 branch of the dungeon, and saw 3 of its levels.

You collected 113 gold pieces.

Inventory:

Hand Weapons
 a - a +1 flail (weapon)
Missiles
 g - 54 stones (quivered)
Armour
 c - a +0 shield (worn)
 f - a +0 chain mail (worn)
Wands
 n - a wand of slowing (21)
Scrolls
 j - a scroll of fog
Potions
 d - a potion of might
Comestibles
 e - a bread ration
 i - a beef jerky
 m - a meat ration


   Skills:
 + Level 4.1 Fighting
 * Level 4.2 Maces & Flails
 + Level 2.3 Throwing
 + Level 4.1 Armour
 + Level 4.0 Shields


You had 3 spell levels left.
You didn't know any spells.

Dungeon Overview and Level Annotations

Branches:
Dungeon (3/15)

Altars:

Annotations:
D:3 gw's ghost, novice OgGl


Innate Abilities, Weirdness & Mutations

You reflexively headbutt those who attack you in melee.
You have a pair of horns on your head.
You can translocate small distances at will.
Your body sometimes deteriorates upon taking damage.
Your muscles are strong. (Str +2)


Message History

Gw's ghost is heavily damaged.
Gw's ghost hits you but does no damage. You block gw's ghost's attack.
ATTACKING (0,1)
You hit gw's ghost.
Gw's ghost is severely damaged.
You block gw's ghost's attack.
ATTACKING (0,1)
You hit gw's ghost.
Gw's ghost is severely damaged.
Gw's ghost hits you.
Your body deteriorates!
You feel clumsy.
ATTACKING (0,1)
You sock gw's ghost!
Gw's ghost is severely damaged.
Gw's ghost hits you but does no damage. x2
ATTACKING (0,1)
You closely miss gw's ghost.
Gw's ghost is severely damaged.
Gw's ghost hits you!
You die...

#(.. #... #...
#...# #.... #
###...(####.#
.......%....##.
...?...H.......
.......W....#.#
#.#....(#...#
#...(#_#..#
#.... # .##
#.... # #...#
.(((


You could see gw's ghost.

Table legend:
 A = Turns spent in this place as a percentage of turns spent in the entire game.
 B = Non-inter-level travel turns spent in this place as a percentage of non-inter-level travel turns spent in the entire game.
 C = Inter-level travel turns spent in this place as a percentage of turns spent in this place.
 D = Turns resting spent in this place as a percentage of non-inter-level travel turns spent in this place.
 E = Turns spent auto-exploring this place as a percentage of non-inter-level travel turns spent in this place.
 F = Non-inter-level travel turns spent in this place divided by the number of levels of this place that you've seen.
                   A       B       C       D       E      F
               +-------+-------+-------+-------+-------+----------------------
         Total | 100.0 | 100.0 |   0.3 |   0.5 |   2.8 | 989.3
       Dungeon | 100.0 | 100.0 |   0.3 |   0.5 |   2.8 | 989.3
               +-------+-------+-------+-------+-------+----------------------

Table legend:
 A = Kills in this place as a percentage of kills in entire the game.
 B = Kills by you in this place as a percentage of kills by you in the entire game.
 C = Kills by friends in this place as a percentage of kills by friends in the entire game.
 D = Other kills in this place as a percentage of other kills in the entire game.
 E = Experience gained in this place as a percentage of experience gained in the entire game.
 F = Experience gained in this place divided by the number of levels of this place that you have seen.
                   A       B       C       D       E      F
               +-------+-------+-------+-------+-------+----------------------
         Total | 100.0 | 100.0 |  -nan |  -nan | 100.0 |  62.0
       Dungeon | 100.0 | 100.0 |  -nan |  -nan | 100.0 |  62.0
               +-------+-------+-------+-------+-------+----------------------

Vanquished Creatures
  4 gnolls (D:2)
  3 adders (D:2)
  An ooze (D:1)
  2 worms
  2 giant cockroaches (D:2)
  8 goblins
  7 hobgoblins
  9 jackals
  A ball python (D:1)
  3 bats
  2 giant geckos (D:2)
  3 giant newts
  7 kobolds
  2 rats (D:1)
54 creatures vanquished.

Notes
Turn   | Place    | Note
--------------------------------------------------------------
     0 | D:1      | gw the Minotaur Fighter began the quest for the Orb.
     0 | D:1      | Reached XP level 1. HP: 19/19 MP: 0/0
   227 | D:1      | Reached skill level 1 in Throwing
   227 | D:1      | Reached XP level 2. HP: 26/26 MP: 1/1
   947 | D:1      | Gained mutation: You can translocate small distances at will. [potion of beneficial mutation]
  1149 | D:2      | Reached XP level 3. HP: 22/33 MP: 2/2
  1644 | D:2      | Reached XP level 4. HP: 36/40 MP: 3/3
  1723 | D:2      | Reached skill level 4 in Armour
  2207 | D:2      | Gained mutation: Your body sometimes deteriorates upon taking damage. [potion of mutation]
  2207 | D:2      | Gained mutation: Your muscles are strong. (Str +2) [potion of mutation]
  2222 | D:3      | Found a faded altar to an unknown god.
  2231 | D:3      | Noticed gw's ghost (novice OgGl)
  2248 | D:3      | Slain by gw's ghost

Action                   |  1- 3 |  4- 6 || total
-------------------------+-------+-------++-------
Melee: Flail             |    90 |    41 ||   131
Throw: Stone             |    63 |    20 ||    83
  Use: Scroll            |     1 |     4 ||     5
       Potion            |     1 |     1 ||     2
  Eat: Chunk             |     2 |     2 ||     4

Vault maps used:
D:1:      elethiomel_arrival_infinity_welcomes_careful_drivers
D:2:      hex_medium
D:3:      old_standard_altar, first_bread, gup_sewer_entry_bubbles,
          ecumenical_altar_1, minmay_joined_circles
